 Dungeon Crawl Stone Soup version 0.22-a0-775-ga7d80019b5 (webtiles) character file.

5752 Htamos the Swashbuckler (level 11, -26/60 HPs)
             Began as a Kobold Berserker on July 18, 2018.
             Was an Elder of Trog.
             Killed from afar by Erolcha (41 damage)
             ... with a crystal spear
             ... on level 9 of the Dungeon.
             The game lasted 00:24:52 (10737 turns).

Htamos the Swashbuckler (Kobold Berserker)         Turns: 10737, Time: 00:24:52

Health: -26/60     AC: 13    Str: 16    XL:     11   Next: 5%
Magic:  11/11      EV: 11    Int:  8    God:    Trog [****..]
Gold:   291        SH:  8    Dex: 17    Spells: 10/10 levels left

rFire    + . .     SeeInvis .   p - +2 whip (venom)
rCold    x . .     Gourm    .   o - +3 buckler
rNeg     . . .     Faith    .   z - +0 plate armour
rPois    .         Spirit   .   (no helmet)
rElec    .         Reflect  .   (no cloak)
rCorr    .         Harm     .   (no gloves)
MR       .....     Rnd*Tele +   r - +2 pair of boots
Stlth    ..........             (no amulet)
HPRegen  0.20/turn              l - ring of fire
MPRegen  0.12/turn              (no ring)

@: berserk cooldown, slowed, very slow
A: small, blink, carnivore, teleportitis 1
a: Blink, Berserk, Trog's Hand, Brothers in Arms, Renounce Religion


You were on level 9 of the Dungeon.
You worshipped Trog.
Trog was greatly pleased with you.
You were very full.

You visited 2 branches of the dungeon, and saw 10 of its levels.

You collected 519 gold pieces.
You spent 228 gold pieces at shops.

Inventory:

Hand Weapons
 a - a +0 short sword
 i - the +7 arbalest of an ossuary {freeze, rPois Dex+3}
   (You bought it in a shop on level 8 of the Dungeon)

   It causes projectiles fired from it to freeze those they strike, causing
   extra injury to most foes and up to half again as much damage against
   particularly susceptible opponents.
   They can also slow down cold-blooded creatures.
   It affects your dexterity (+3).
   It protects you from poison.
 p - a +2 whip of venom (weapon)
 w - a +4 dagger of speed
 C - a +0 rapier
 G - a +0 rapier of speed
Missiles
 f - 11 bolts
Armour
 o - a +3 buckler (worn)
 r - a +2 pair of boots (worn)
 y - the +3 leather armour of Wisdom {-Cast rC+ rN+ Int+2}
   (You found it on level 5 of the Dungeon)

   It affects your intelligence (+2).
   It protects you from cold.
   It protects you from negative energy.
   It prevents spellcasting.
 z - a +0 plate armour (worn)
Jewellery
 h - an uncursed ring of magical power
 l - a ring of fire (left hand)
 s - a cursed ring of teleportation {unknown}
 K - the ring "Tueh" {rPois rC+ Str+3 Int+5 Stlth-, unknown}
   (You found it on level 9 of the Dungeon)

   [ring of loudness]

   It affects your strength (+3).
   It affects your intelligence (+5).
   It protects you from cold.
   It protects you from poison.
   It makes you less stealthy.
Wands
 A - a wand of iceblast (17)
 D - a wand of digging (11)
 J - a wand of disintegration (10)
Scrolls
 b - a scroll of fog
 m - 4 scrolls of teleportation
 q - 2 scrolls of immolation
 v - 3 scrolls of identify
 x - 3 scrolls of remove curse
 I - a scroll of enchant weapon
Potions
 d - a potion of brilliance
 e - 3 potions of magic
 g - 2 potions of degeneration
 j - 3 potions of lignification
 k - a potion of curing
 n - a potion of cancellation
 t - a potion of ambrosia
 u - a potion of haste
 B - a potion of heal wounds {unknown}
 E - a potion of invisibility {unknown}
 F - a potion of flight {unknown}
Comestibles
 c - 24 rations
 H - 4 chunks of flesh


   Skills:
 - Level 3.2 Fighting
 * Level 15.9 Short Blades
 - Level 1.5 Armour
 + Level 10.9 Dodging
 + Level 1.8 Shields


You had 10 spell levels left.
You didn't know any spells.
Your spell library was empty.

Dungeon Overview and Level Annotations

Branches:
Dungeon (9/15)             Temple (1/1) D:7
   Lair: D:8-11         Orc: D:9-12

Altars:
Vehumet
The Shining One

Shops:
D:8 *(:

Annotations:
D:9 Erolcha, Maurice


Innate Abilities, Weirdness & Mutations

You are small and have problems with some larger weapons.
You are carnivorous and can eat meat at any time.
You can translocate small distances at will.
You are occasionally teleported next to monsters.


Message History

Unknown command.
Your plate armour prevents you from hitting Erolcha.
Erolcha is heavily wounded.
Erolcha hits you with a giant club!
* * * LOW HITPOINT WARNING * * *
The orc wizard hits you but does no damage.
Unknown command.
You whack Erolcha!
Erolcha is severely wounded.
You are no longer berserk.
You are exhausted.
You feel yourself slow down.
Something drops a dagger.
Something picks up a mace.
Erolcha hits you with a giant club!!
* * * LOW HITPOINT WARNING * * *
The orc wizard hits you but does no damage.
You feel better. Erolcha gestures at you while chanting.
The crystal spear hits you!
Ouch! That really hurt!
You die...

##......_.)....#
.......§§.§)....#
.........§......#
...............#
#.............#
$##!............#
.........ZW.....#
.........O)o....#
........##@....##
..@.....##.....##
###.....#.......#
#.....#.......#
?....oo#.......#
........#.......#
......o.#.....÷.#
.##.....#.......#
#.......#


You could see Erolcha, a hungry ghost, an orc wizard and an adder skeleton.

Vanquished Creatures
  Erica (D:9)
  A two-headed ogre (D:7)
  The ghost of brujo666 the Carver, a novice DsGl of Okawaru (D:7)
  Joseph (D:7)
  Prince Ribbit (D:6)
  Eustachio (D:5)
  A spriggan (D:7)
  2 water moccasins
  A sky beast (D:5)
  2 ice beasts (D:5)
  2 orc warriors
  6 ogres
  A centaur (D:5)
  4 bullfrogs
  A big kobold (D:6)
  3 scorpions
  9 killer bees (D:7)
  A howler monkey (D:5)
  2 crimson imps
  A jelly (D:6)
  A bullfrog skeleton (D:5)
  6 hounds
  5 orc priests
  4 orc wizards
  4 iguanas
  2 worker ants
  2 hound zombies
  2 hound skeletons
  A worker ant zombie (D:7)
  12 gnolls
  8 adders
  2 adder zombies
  An ooze (D:2)
  3 worms
  9 leopard geckos
  20 orcs
  2 ball pythons (D:1)
  4 bats
  3 giant cockroaches
  5 goblins
  8 hobgoblins
  10 jackals
  6 quokkas
  8 frilled lizards
  10 kobolds
  A quokka skeleton (D:5)
  7 rats
188 creatures vanquished.

Vanquished Creatures (others)
  3 gnolls (D:9)
  An adder zombie (D:9)
  3 orcs (D:9)
7 creatures vanquished.

Grand Total: 195 creatures vanquished

Notes
Turn   | Place    | Note
-------+----------+-------------------------------------------
     0 | D:1      | Htamos the Kobold Berserker began the quest for the Orb.
     0 | D:1      | Reached XP level 1. HP: 14/14 MP: 1/1
   412 | D:1      | Reached XP level 2. HP: 19/19 MP: 2/2
   969 | D:1      | Reached XP level 3. HP: 18/23 MP: 3/3
  1060 | D:1      | Reached skill level 5 in Short Blades
  1629 | D:2      | Reached XP level 4. HP: 28/28 MP: 4/4
  1691 | D:2      | Reached ** piety under Trog
  1839 | D:2      | Reached skill level 6 in Short Blades
  1932 | D:2      | Reached XP level 5. HP: 31/32 MP: 5/5
  2643 | D:3      | Reached skill level 7 in Short Blades
  2652 | D:2      | Reached XP level 6. HP: 31/37 MP: 6/6
  2829 | D:3      | Found a glowing golden altar of the Shining One.
  2937 | D:3      | Noticed an ogre
  2984 | D:3      | Killed an ogre
  3335 | D:3      | Reached skill level 8 in Short Blades
  3346 | D:3      | Reached skill level 5 in Dodging
  3676 | D:4      | Reached XP level 7. HP: 23/41 MP: 7/7
  3817 | D:4      | Reached *** piety under Trog
  4596 | D:5      | Entered Level 5 of the Dungeon
  4603 | D:5      | Reached skill level 9 in Short Blades
  4633 | D:5      | Got a brightly glowing leather armour
  4644 | D:5      | Identified the +3 leather armour of Wisdom {-Cast rC+ rN+ Int+2} (You found it on level 5 of the Dungeon)
  4668 | D:5      | Noticed Eustachio
  4697 | D:5      | Killed Eustachio
  4697 | D:5      | Reached XP level 8. HP: 46/46 MP: 8/8
  4766 | D:5      | Reached skill level 10 in Short Blades
  5229 | D:5      | Reached skill level 11 in Short Blades
  5382 | D:5      | Reached XP level 9. HP: 51/51 MP: 9/9
  6072 | D:6      | Reached skill level 12 in Short Blades
  6857 | D:6      | Reached **** piety under Trog
  7111 | D:7      | Reached skill level 13 in Short Blades
  7130 | D:7      | Found a staircase to the Ecumenical Temple.
  7131 | D:7      | Found a transporter.
  7173 | D:7      | Found a transporter.
  7173 | D:7      | Noticed brujo666's ghost (novice DsGl)
  7173 | D:7      | Noticed a two-headed ogre
  7200 | Temple   | Entered the Ecumenical Temple
  7590 | D:7      | Noticed Prince Ribbit
  7592 | D:7      | Noticed Joseph
  7695 | D:6      | Killed Prince Ribbit
  7695 | D:6      | Reached XP level 10. HP: 24/56 MP: 10/10
  8068 | D:7      | Reached skill level 14 in Short Blades
  8392 | D:7      | Gained mutation: You are frail. (-10% HP) [potion of mutation]
  8392 | D:7      | Gained mutation: Your body sometimes deteriorates upon taking damage. [potion of mutation]
  8392 | D:7      | Gained mutation: Your body often deteriorates upon taking damage. [potion of mutation]
  8392 | D:7      | Gained mutation: You possess an exceptional clarity of mind. [potion of mutation]
  8393 | D:7      | Lost mutation: You are frail. (-10% HP) [potion of mutation]
  8393 | D:7      | Lost mutation: Your body often deteriorates upon taking damage. [potion of mutation]
  8393 | D:7      | Lost mutation: You possess an exceptional clarity of mind. [potion of mutation]
  8393 | D:7      | Gained mutation: Your flesh is cold resistant. (rC+) [potion of mutation]
  8393 | D:7      | Gained mutation: You have a pair of small horns on your head. [potion of mutation]
  8394 | D:7      | Lost mutation: You have a pair of small horns on your head. [potion of mutation]
  8394 | D:7      | Lost mutation: Your body sometimes deteriorates upon taking damage. [potion of mutation]
  8394 | D:7      | Lost mutation: Your flesh is cold resistant. (rC+) [potion of mutation]
  8394 | D:7      | Gained mutation: You are surrounded by a mild repulsion field. (EV +2) [potion of mutation]
  8394 | D:7      | Gained mutation: You have a pair of small antennae on your head. [potion of mutation]
  8510 | D:7      | Killed a two-headed ogre
  8510 | D:7      | Reached skill level 10 in Dodging
  8525 | D:7      | Killed brujo666's ghost
  8525 | D:7      | Reached skill level 15 in Short Blades
  8690 | D:8      | Found Atolier's Assorted Antiques.
  8699 | D:8      | Bought a translucent arbalest for 228 gold pieces
  8699 | D:8      | Identified the +7 arbalest of an ossuary {freeze, rPois Dex+3} (You bought it in a shop on level 8 of the Dungeon)
  8849 | D:7      | Killed Joseph
  9053 | D:8      | Found Nobiug's Weapon Emporium.
  9349 | D:8      | Found Raduz's Book Shoppe.
  9947 | D:9      | Noticed Erica
 10390 | D:9      | Reached skill level 1 in Shields
 10516 | D:9      | Killed Erica
 10516 | D:9      | Reached XP level 11. HP: 36/60 MP: 11/11
 10522 | D:9      | Lost mutation: You are surrounded by a mild repulsion field. (EV +2) [potion of mutation]
 10522 | D:9      | Lost mutation: You have a pair of small antennae on your head. [potion of mutation]
 10522 | D:9      | Gained mutation: You are occasionally teleported next to monsters. [potion of mutation]
 10522 | D:9      | Gained mutation: You can translocate small distances at will. [potion of mutation]
 10659 | D:9      | Found a radiant altar of Vehumet.
 10662 | D:9      | Got a fine marble ring
 10708 | D:9      | Noticed Maurice
 10721 | D:9      | Noticed Erolcha
 10737 | D:9      | Killed from afar by Erolcha

Vault maps used:
D:1:      saegor_arrival_simple_b, serial_forest, infiniplex_forest_clump_tiny,
          infiniplex_forest_side_room, infiniplex_forest_pool,
          infiniplex_forest_lined_room_2, feat_on_display
D:2:      first_ration, st_stairs_12
D:3:      nicolae_tso_carved_into_rock
D:5:      uniq_eustachio
D:7:      minmay_temple_entry_large_hall, gammafunk_ghost_smash, the_bakery,
          uniq_prince_ribbit1, uniq_joseph
D:8:      serial_shops, shop, nicolae_shop_statue_plus, shop
D:9:      fiery_altar_vehumet, uniq_erica, uniq_maurice, uniq_erolcha
Temple:   roderic_octagonal_lattice_temple

Skill      XL: |  1  2  3  4  5  6  7  8  9 10 |
---------------+-------------------------------+-----
Dodging        | 3 4 5 6 7 9 10 | 10.9
Short Blades   | 5 6 7 8 9 11 13 15 | 15.9
Shields        | 1 |  1.8
Fighting       | |  3.2
Armour         | |  1.5

Action                   |  1- 3 |  4- 6 |  7- 9 | 10-12 || total
-------------------------+-------+-------+-------+-------++-------
Melee: Short sword       |   116 |    36 |       |       ||   152
       Whip              |       |    96 |   334 |   116 ||   546
       Dagger            |       |    15 |    10 |    64 ||    89
       Rapier            |       |       |       |    19 ||    19
Invok: Berserk           |     7 |     2 |     8 |     4 ||    21
       Trog's Hand       |       |       |     1 |       ||     1
  Use: Scroll            |     2 |     9 |     3 |     6 ||    20
       Potion            |       |       |       |    16 ||    16
 Stab: Distracted        |     1 |       |       |       ||     1
  Eat: Chunk             |    16 |     9 |    20 |    13 ||    58
Armor: Animal skin       |    22 |     3 |       |       ||    25
       Ring mail         |       |    20 |    14 |       ||    34
       Leather armour    |       |       |    33 |     3 ||    36
       Plate armour      |       |       |       |    28 ||    28
Dodge: Dodged            |   102 |    82 |   262 |    87 ||   533
Block: Buckler           |       |    41 |   108 |    56 ||   205

Table legend:
 A = Spawn XP
 B = Non-spawn XP
 C = Spawn XP percentage of total XP
 D = Spawn monster count
 E = Non-spawn monster count
 F = Spawn count percentage of total count
 G = Total turns spent on level
                    A         B        C        D         E        F      G
               +---------+---------+-------+---------+---------+-------+---------
         Total |       0 |    8218 |   0.0 |       0 |     188 |   0.0 | 10737
               +---------+---------+-------+---------+---------+-------+---------
           D:1 |       0 |      39 |   0.0 |       0 |      23 |   0.0 |  1540
           D:2 |       0 |     214 |   0.0 |       0 |      30 |   0.0 |  1130
           D:3 |       0 |     296 |   0.0 |       0 |      25 |   0.0 |  1284
           D:4 |       0 |     193 |   0.0 |       0 |      11 |   0.0 |   642
           D:5 |       0 |    1297 |   0.0 |       0 |      26 |   0.0 |  1452
           D:6 |       0 |    1110 |   0.0 |       0 |      19 |   0.0 |  1207
           D:7 |       0 |    3219 |   0.0 |       0 |      29 |   0.0 |  1472
           D:8 |       0 |     473 |   0.0 |       0 |      14 |   0.0 |  1237
           D:9 |       0 |    1377 |   0.0 |       0 |      11 |   0.0 |   667
               +---------+---------+-------+---------+---------+-------+---------
